 Dungeon Crawl Stone Soup version 0.29-a0-322-g68df515428 (console) character file.

Game seed: 4118143574898804804

97 Ignak the Sneak (level 4, 1/27 HPs)
             Began as an Octopode Enchanter on Apr 8, 2022.
             Quit the game on level 2 of the Dungeon.
             The game lasted 00:03:42 (1666 turns).

Ignak the Sneak (Octopode Enchanter)                Turns: 1666, Time: 00:03:43

Health: 1/27       AC:  1    Str:  7    XL:     4   Next: 68%
Magic:  1/7        EV: 14    Int: 17    God:
Gold:   51         SH:  0    Dex: 14    Spells: 2/7 levels left

rFire   . . .      SeeInvis .   m - +1 short sword
rCold   . . .      Faith    .   (no shield)
rNeg    . . .      Spirit   .   (helmet restricted)
rPois   .          Reflect  .   (no amulet)
rElec   .          Harm     .   (no ring)
rCorr   .          Rampage  .   (no ring)
Will    .....                   (no ring)
Stlth   ++++......              (no ring)
HPRegen 0.09/turn               (no ring)
MPRegen 0.10/turn               (no ring)
                                (no ring)
                                (no ring)

@: brilliant, weak-willed, flying, slowed, very slow
A: almost no armour, amphibious, 8 rings, camouflage 1, gelatinous body 1,
(nimble swimmer 1), tentacles
a: no special abilities


You were on level 2 of the Dungeon.
You visited 1 branch of the dungeon, and saw 2 of its levels.

You collected 51 gold pieces.

Inventory:

Hand Weapons
 b - a +0 hunting sling of flaming
 m - a +1 short sword (weapon)
Scrolls
 d - a scroll of enchant weapon
 n - a scroll of brand weapon
Potions
 l - 3 potions of invisibility


   Skills:
 + Level 0.9 Fighting
 + Level 1.6 Short Blades
 * Level 2.9 Dodging
 * Level 4.8 Stealth
 + Level 0.7 Unarmed Combat
 + Level 2.3 Spellcasting
 + Level 3.2 Hexes
 + Level 0.8 Ice Magic


You had 2 spell levels left.
You knew the following spells:

 Your Spells              Type           Power      Damage    Failure   Level
a - Confusing Touch       Hex            19%        N/A       14%         3
c - Ensorcelled Hibernat  Hex/Ice        26%        N/A       12%         2

Your spell library contained the following spells:

 Spells                   Type           Power      Damage    Failure   Level
 Tukima's Dance           Hex            19%        N/A       14%         3
 Dazzling Flash           Conj/Hex       22%        N/A       28%         3
 Airstrike                Air            1%         N/A       88%         4
 Summon Lightning Spire   Summ/Air       2%         N/A       88%         4
 Lightning Bolt           Conj/Air       1%         1d12      99%         5


Dungeon Overview and Level Annotations

Branches:
Dungeon (2/15)

Altars:


Innate Abilities, Weirdness & Mutations

You cannot wear most types of armour.
You are amphibious.
You can wear up to eight rings at the same time.
Your skin changes colour to match your surroundings (Stealth+).
Your rubbery body absorbs attacks. (AC +1, EV +1)
((You are camouflaged when in or above water. (Stealth+)))
You have tentacles for arms and can constrict up to eight enemies at once.


Message History

You feel a surge of power!
Jessica resists with significant effort.
You feel sick. Jessica misses you. Jessica closely misses you.
Casting: Ensorcelled Hibernation (safe; 13% risk of failure)
Confirm with . or Enter, or press ? or * to list all spells.
Aiming: Ensorcelled Hibernation (safe; 13% risk of failure)
Press: ? - help, Shift-Dir - straight line, f/p - Jessica
Aim: Jessica, wielding a +0 club and wearing a +0 robe (chance to affect: 54%)
You feel a surge of power!
Jessica looks drowsy...
You feel sick.
The helpless Jessica fails to defend herself.
You puncture Jessica!
You kill Jessica!
You feel sick.
You are no longer poisoned.
The adder bites you. The adder barely misses you.
You reach down and open the door.
The adder misses you. The adder barely misses you. The dart slug misses you.
The adder attacks as you move away! The adder bites you.
You are poisoned.
The adder poisons you! The dart slug attacks as you move away!
The dart slug completely misses you.
You feel sick. The adder bites you but does no damage.
There is an open door here.
You feel sick. The adder completely misses you.
You hit the adder. You grab the adder.
The adder is lightly wounded.
You constrict the adder.
You feel sick. The adder closely misses you. x2
Casting: Ensorcelled Hibernation (safe; 12% risk of failure)
Confirm with . or Enter, or press ? or * to list all spells.
Aiming: Ensorcelled Hibernation (safe; 12% risk of failure)
Press: ? - help, Shift-Dir - straight line, f - adder
Aim: an adder (moderately wounded, constricted by you, chance to affect: 55%)
You feel a surge of power!
The adder resists with significant effort.
You constrict the adder.
You feel sick.
You are no longer poisoned.
The adder misses you. The adder bites you.
* * * LOW HITPOINT WARNING * * *
Okay, then.
Are you sure you want to abandon this character and quit the game? (Confirm with "yes".)

. .. ..
#########
#.#+##.......#
..#......#####.#
.........#
###.....#####.#
........wS@....#
####...)†#######
........#
.......###
..$.... .......
....... .....


You could see an adder and a dart slug.

Vanquished Creatures
  Jessica (D:2)
  3 adders (D:2)
  2 worms (D:2)
  2 dart slugs (D:1)
  5 ball pythons (D:1)
  5 endoplasms (D:1)
  A giant cockroach (D:1)
  A goblin (D:1)
  2 hobgoblins (D:1)
  4 kobolds
  A quokka (D:1)
  A bat (D:1)
  2 frilled lizards (D:1)
  4 rats
34 creatures vanquished.

Notes
Turn   | Place    | Note
-------+----------+-------------------------------------------
     0 | D:1      | Ignak the Octopode Enchanter began the quest for the Orb.
     0 | D:1      | Reached XP level 1. HP: 11/11 MP: 3/3
    36 | D:1      | Found a faded altar of an unknown god.
    60 | D:1      | Reached XP level 2. HP: 17/17 MP: 5/5
    67 | D:1      | Learned a level 2 spell: Ensorcelled Hibernation
   486 | D:1      | Reached XP level 3. HP: 7/21 MP: 6/6
   702 | D:1      | Learned a level 3 spell: Confusing Touch
  1428 | D:2      | Reached XP level 4. HP: 13/27 MP: 7/7
  1651 | D:2      | Noticed Jessica
  1660 | D:2      | Killed Jessica
  1665 | D:2      | HP: 1/27 [adder (4)]
  1666 | D:2      | Quit the game

Illustrated notes

Levels and vault maps discovered:
D:1:      dpeg_arrival_tiny_k, layout_basic, shapermc_ecumenical_altar_acropolis
D:2:      layout_basic, basic_altar, minmay_misc_feat_four_crosses, uniq_jessica

Action                   |  1- 3 |  4- 6 || total
-------------------------+-------+-------++-------
Melee: Dagger            |    61 |       ||    61
       Constrict         |    12 |     1 ||    13
       Tentacles         |    11 |       ||    11
       Punch             |     1 |       ||     1
       Short sword       |       |     3 ||     3
 Fire: Hunting sling     |     2 |       ||     2
 Cast: Ensorcelled Hiber |       |     7 ||     7
  Use: Scroll            |       |     6 ||     6
       Potion            |       |     3 ||     3
 Stab: Sleeping          |    10 |     2 ||    12
Armor: Skin              |     1 |     1 ||     2
Dodge: Dodged            |    27 |    12 ||    39

Table legend: (Time is in decaauts)
 A = Elapsed time spent in this place.
 B = Non-inter-level travel time spent in this place.
 C = Inter-level travel time spent in this place.
 D = Time resting spent in this place.
 E = Time spent auto-exploring this place.
 F = Levels seen in this place.
 G = Mean time per level.
                   A        B        C        D        E       F      G
               +--------+--------+--------+--------+--------+-----+--------+
         Total |   1664 |   1658 |      6 |    393 |    875 |   2 |  832.0 |
       Dungeon |   1664 |   1658 |      6 |    393 |    875 |   2 |  832.0 |
               +--------+--------+--------+--------+--------+-----+--------+

Top non-repeatable levels by time:
     D:1: 1290 daAuts
     D:2: 374 daAuts
